AoeStats
← Lobo Gélido

Arabia

509937283Analyzed
1v1 RM · 5d ago on Sep 28, 2026· 36m 31s· 2 players
Game mode
Random Map
Map size
Tiny (2 player)
Population
200
Speed
Normal
Resources
Standard
Victory
Conquest
Starting age
Dark Age
Ending age
Imperial Age
RankedLock teamsTeams togetherTeam positionsShared explorationLock speedFull tech treeHidden civsTurbo modeCheats
Victory
Defeat
🇦🇷 Slavs · Argentina
1055
+16
🇵🇪 Japanese · Peru
1048
-16
Lobo Gélido
5:46 Loom
11:58 Feudal Age
18:07 Castle Age
22:48 Double-Bit Axe
23:22 Stone Mining
25:00 Scale Mail Armor
25:03 Horse Collar
30:29 Chain Mail Armor
33:07 Murder Holes
36:17 Forging
Skall
6:27 Loom
9:04 Feudal Age
9:46 Double-Bit Axe
10:19 Man-at-Arms
11:01 Horse Collar
18:56 Forging
18:52 Scale Barding Armor
22:26 Castle Age
22:30 Wheelbarrow
21:49 Gold Mining
22:37 Bloodlines
23:29 Bow Saw
23:29 Heavy Plow
24:08 Gold Shaft Mining
24:17 Iron Casting
25:56 Hand Cart
26:39 Chain Barding Armor
Connection lost

Rejoining the realm…

Still unreachable

The connection could not be restored.

Session expired

The server has moved on; the page needs a fresh start.